 Dungeon Crawl Stone Soup version 0.27-a0-1184-ge86db4a01e (webtiles) character file.

Game seed: 17570145011001659718

4645 Shayle the Carver (level 10, -1/96 HPs)
             Began as a Naga Fighter on May 18, 2021.
             Was a Believer of the Shining One (penitent).
             Slain by an orc knight
             ... wielding a +0 glaive
              (36 damage)
             ... in a bailey.
             The game lasted 00:24:21 (8465 turns).

Shayle the Carver (Naga Fighter)                    Turns: 8465, Time: 00:24:22

Health: -1/96      AC: 14    Str: 19    XL:     10   Next: 43%
Magic:  15/15      EV:  6    Int: 15    God:    the Shining One [*]
Gold:   583        SH:  8    Dex: 10    Spells: 9/9 levels left

rFire    . . .     SeeInvis +   I - +5 scimitar (freeze)
rCold    . . .     Faith    .   c - +0 kite shield
rNeg     + + .     Spirit   .   C - +1 ring mail {Will+}
rPois    +         Reflect  .   f - +2 helmet {Int+3}
rElec    .         Harm     .   e - +1 cloak
rCorr    .         Rampage  .   u - +1 pair of gloves
Will     ++...                  (no barding)
Stlth    ..........             (no amulet)
HPRegen  0.26/turn              z - ring of positive energy
MPRegen  0.14/turn              (no ring)

@: very slow
A: AC +3, large, see invisible, deformed body, poison resistance, slowness 2,
spit poison 1, naga tail 1
a: Spit Poison, Renounce Religion


You were in a bailey.
You worshipped the Shining One.
The Shining One was demanding penance.
You visited 2 branches of the dungeon, and saw 9 of its levels.
You also visited: Sewer and Bailey.

You collected 583 gold pieces.

Inventory:

Hand Weapons
 a - a +1 long sword
 I - a +5 scimitar of freezing (weapon)
Armour
 b - a +0 scale mail
 c - a +0 kite shield (worn)
 e - a +1 cloak (worn)
 f - a +2 helmet of intelligence (worn)
 u - a +1 pair of gloves (worn)
 C - a +1 ring mail of willpower (worn)
Jewellery
 z - a ring of positive energy (left hand)
Wands
 y - a wand of flame (9)
 B - a wand of iceblast (1)
 E - a wand of charming (5)
 G - a wand of polymorph (6)
Scrolls
 d - a scroll of vulnerability {unknown}
 g - a scroll of torment {unknown}
 l - 4 scrolls of teleportation
 o - 2 scrolls of blinking {unknown}
 v - a scroll of immolation {unknown}
 D - 6 scrolls of magic mapping
Potions
 h - 4 potions of degeneration
 i - a potion of cancellation
 j - 3 potions of lignification
 k - 5 potions of curing
 m - 4 potions of heal wounds
 p - 2 potions of haste
 q - 3 potions of brilliance
 r - a potion of experience {unknown}
 s - a potion of resistance {unknown}
 t - a potion of attraction {unknown}
 w - a potion of mutation {unknown}
 x - a potion of flight {unknown}
 A - 3 potions of invisibility {unknown}
 F - a potion of might


   Skills:
 + Level 7.7 Fighting
 + Level 11.2 Long Blades
 - Level 2.4 Armour
 - Level 2.4 Shields
 + Level 7.6 Invocations


You had 9 spell levels left.
You didn't know any spells.
Your spell library contained the following spells:

 Spells                   Type           Power      Damage    Failure   Level
 Foxfire                  Conj/Fire      0%         2x1d4     88%         1
 Magic Dart               Conj           0%         1d3       88%         1
 Shock                    Conj/Air       0%         1d3       88%         1
 Blink                    Tloc           N/A        N/A       96%         2
 Call Imp                 Summ           0%         N/A       96%         2
 Slow                     Hex            0%         N/A       96%         2
 Static Discharge         Conj/Air       0%         N/A       96%         2
 Conjure Flame            Conj/Fire      0%         6-21      99%         3
 Inner Flame              Hex/Fire       0%         N/A       99%         3
 Mephitic Cloud           Conj/Pois/Air  0%         N/A       99%         3
 Swiftness                Air            0%         N/A       99%         3
 Airstrike                Air            0%         N/A       100%        4
 Sticky Flame             Conj/Fire      0%         2d3       100%        4
 Fireball                 Conj/Fire      0%         3d3       100%        5
 Lightning Bolt           Conj/Air       0%         1d11      100%        5


Dungeon Overview and Level Annotations

Branches:
Dungeon (8/15)             Temple (1/1) D:5           Sewer (visited)
 Bailey (1/1)
   Lair: D:8-11

Altars:
Ashenzari
Dithmenos
Elyvilon
Fedhas
Gozag
Hepliaklqana
Kikubaaqudgha
Makhleb
Nemelex Xobeh
Okawaru
Uskayaw
Xom
Yredelemnul
Zin
The Shining One

Annotations:
D:4 3 runed translucent doors, AtomicRavioli's ghost, amateur DDMo
D:5 1 runed translucent door, Crazy Yiuf


Innate Abilities, Weirdness & Mutations

Your serpentine skin is tough. (AC +3)
You have supernaturally acute eyesight. (SInv)
Armour fits poorly on your strangely shaped body.
Your system is resistant to poisons. (rPois)
You cover ground very slowly.
You can spit poison.
You have a snake-like lower body.


Message History

Aim: an orc knight, wielding a +0 glaive and wearing a +0 scale mail (severely wounded, strong)
The mass of ice explodes!
The iceblast engulfs the orc knight!
The orc knight is almost dead.
The orc knight hits you from afar with a +0 glaive!!
Press: ? - help, Shift-Dir - straight line, f/p - orc knight
Aim: an orc knight, wielding a +0 glaive and wearing a +0 scale mail (almost dead, strong)
The splash of poison misses the orc knight.
The orc knight hits you from afar with a +0 glaive!!!
The Shining One protects you from harm!
Unknown command.
Aiming: Iceblast
Press: ? - help, Shift-Dir - straight line, p - orc knight The mass of ice explodes!
The iceblast engulfs the orc knight!
You kill the orc knight!
The iceblast engulfs the orc knight!
The orc knight is moderately wounded.
The iceblast engulfs the orc knight!
The orc knight is lightly wounded.
You feel much better.
The orc knight hits you from afar with a +0 glaive!!
Aiming: Charm
Press: ? - help, Shift-Dir - straight line, f - orc knight
Aim: an orc knight, wielding a +0 glaive and wearing a +3 plate armour (lightly wounded, strong, chance to affect: 28%)
The orc knight easily resists.
The orc knight hits you from afar with a +0 glaive!
* * * LOW HITPOINT WARNING * * *
The orc knight reads a scroll.
Wisps of shadow swirl around the orc knight.
Unknown command.
Okay, then.
Unknown command.
Okay, then.
Okay, then.
Unknown command.
Okay, then.
You feel much better.
You have got your breath back.
The orc wizard shouts!
The orc knight hits you from afar with a +0 glaive!!!
You die...

#.......#
##.....##
##'''##
#.....#
#.....#
#.....#
#.....#
#.....#
##'@'##
#o)oo.#
#..oo)..#
#.....).#
#.oo)o..#
#..)....#
#.......#
##.)...##


You could see 2 orc knights, an orc warrior (summoned), an orc priest
(summoned), 2 orc wizards and 2 orcs.

Vanquished Creatures
  2 orc knights (Bailey)
  A kobold demonologist (D:7)
  5 yaks (D:7)
  A black bear (D:4)
  8 orc warriors (Bailey)
  Purgy (Sewer)
  2 ice beasts
  2 ogres
  2 centaurs (D:7)
  3 bullfrogs
  A wyvern zombie (D:6)
  A water moccasin skeleton (D:6)
  3 killer bees (D:5)
  5 wights (D:6)
  A centaur zombie (D:7)
  3 hounds
  3 jellies
  2 orc priests
  2 centaur skeletons (D:6)
  2 gnoll shamans
  2 iguanas
  An orc wizard (D:7)
  Ijyb (D:5)
  A killer bee zombie (D:7)
  2 howler monkey zombies
  9 gnolls
  2 adders
  A white imp (D:7)
  An ufetubus (D:6)
  A worm (D:2)
  2 dart slugs
  44 orcs
  11 endoplasms
  7 giant cockroaches
  8 goblins
  5 hobgoblins
  5 jackals
  12 kobolds
  5 quokkas
  8 ball pythons
  2 bats
  14 frilled lizards
  8 rats
202 creatures vanquished.

Vanquished Creatures (collateral kills)
  An orc knight (Bailey)
  2 orcs (Bailey)
3 creatures vanquished.

Grand Total: 205 creatures vanquished

Notes
Turn   | Place    | Note
-------+----------+-------------------------------------------
     0 | D:1      | Shayle the Naga Fighter began the quest for the Orb.
     0 | D:1      | Reached XP level 1. HP: 21/21 MP: 1/1
    94 | D:1      | Reached XP level 2. HP: 9/28 MP: 2/2
   313 | D:1      | Identified a scroll of acquirement
   313 | D:1      | Acquired a +2 helmet of intelligence
   469 | D:1      | Reached skill level 3 in Long Blades
   668 | D:1      | Reached XP level 3. HP: 32/34 MP: 3/3
  1406 | D:2      | Reached skill level 4 in Long Blades
  1619 | D:3      | Reached XP level 4. HP: 18/42 MP: 4/4
  2629 | D:3      | Reached skill level 5 in Long Blades
  2634 | D:3      | Reached XP level 5. HP: 49/49 MP: 5/5
  2718 | D:3      | Noticed an ice beast
  2736 | D:3      | Killed an ice beast
  2954 | D:3      | Reached skill level 6 in Long Blades
  3178 | D:4      | Reached XP level 6. HP: 56/56 MP: 6/6
  3363 | D:4      | Noticed a black bear
  3371 | D:4      | Killed a black bear
  3372 | D:4      | Reached skill level 7 in Long Blades
  3391 | D:4      | Found a glowing drain.
  3412 | Sewer    | Entered a sewer
  3531 | Sewer    | Noticed Purgy
  3538 | Sewer    | Killed Purgy
  3539 | Sewer    | Reached XP level 7. HP: 62/62 MP: 7/7
  3626 | D:4      | Found a runed translucent gate.
  3627 | D:4      | Found a runed translucent gate.
  3627 | D:4      | Found a runed translucent gate.
  3631 | D:4      | Noticed AtomicRavioli's ghost (amateur DDMo)
  4236 | D:5      | Entered Level 5 of the Dungeon
  4350 | D:5      | Found a staircase to the Ecumenical Temple.
  4353 | D:5      | Noticed Ijyb
  4386 | D:5      | Killed Ijyb
  4387 | D:5      | Reached skill level 8 in Long Blades
  4392 | Temple   | Entered the Ecumenical Temple
  4657 | Temple   | Became a worshipper of the Shining One
  5009 | D:5      | Reached skill level 9 in Long Blades
  5124 | D:5      | Reached XP level 8. HP: 50/69 MP: 8/8
  5234 | D:5      | Found an ancient bone altar of Kikubaaqudgha.
  5302 | D:5      | Found a runed translucent door.
  5303 | D:5      | Noticed Crazy Yiuf
  5361 | D:6      | Reached skill level 1 in Invocations
  5673 | D:6      | Found a shadowy altar of Dithmenos.
  5673 | D:6      | Found a hazy altar of Hepliaklqana.
  5677 | D:6      | Noticed a shadow
  5835 | D:6      | Reached * piety under the Shining One
  6441 | D:7      | Reached XP level 9. HP: 75/80 MP: 12/12
  6444 | D:7      | Reached skill level 5 in Fighting
  6792 | D:7      | Reached skill level 10 in Long Blades
  7024 | D:7      | Noticed a kobold demonologist
  7029 | D:7      | Killed a kobold demonologist
  7030 | D:7      | Reached skill level 5 in Invocations
  7170 | D:7      | Found an opulent altar of Gozag.
  7795 | D:8      | Found a flagged portal.
  7827 | Bailey   | Entered a bailey
  8132 | Bailey   | Reached XP level 10. HP: 75/92 MP: 14/14
  8440 | Bailey   | Reached ** piety under the Shining One
  8441 | Bailey   | Noticed an orc knight
  8441 | Bailey   | Noticed an orc knight
  8451 | Bailey   | Killed an orc knight
  8452 | Bailey   | Reached skill level 11 in Long Blades
  8452 | Bailey   | Noticed an orc knight
  8455 | Bailey   | Was placed under penance by the Shining One
  8456 | Bailey   | Noticed an orc knight
  8458 | Bailey   | Noticed an orc knight
  8461 | Bailey   | The Shining One protects you from harm!
  8462 | Bailey   | Killed an orc knight
  8465 | Bailey   | Slain by an orc knight

Illustrated notes

Levels and vault maps discovered:
D:1:      scummos_arrival_simple_fountains, layout_loops_ring
D:2:      layout_rooms, columned_hall_lemuel, kennysheep_nondescript
D:3:      minmay_thinvault, layout_loops_ring
D:4:      layout_gridville, ebering_ghost_rock_garden, portal_sewer_entry_f,
          minmay_bent
D:5:      layout_gridville, nicolae_kikubaaqudgha_miasma_corner,
          temple_fountains, uniq_ijyb, uniq_crazy_yiuf_cottage
D:6:      layout_rooms, riverfiend_overflow_shadow_ancestor
D:7:      layout_layer_cave, grunt_gozag_breadcrumbs
D:8:      cheibrodos_grave_circle, layout_rooms, lemuel_tele_altar,
          lemuel_doored_altar, jmf_multi_god_temple, dpeg_lair_monsters,
          enter_bailey_5
Temple:   minmay_temple_curvy_loop
Bailey:   bailey_polearm_5, bailey

Skill      XL: |  1  2  3  4  5  6  7  8  9 10 |
---------------+-------------------------------+-----
Long Blades    | 3 4 5 6 7 9 10 11 | 11.2
Invocations    | 4 6 7 |  7.6
Fighting       | 4 6 7 |  7.7
Armour         | |  2.4
Shields        | |  2.4

Action                   |  1- 3 |  4- 6 |  7- 9 | 10-12 || total
-------------------------+-------+-------+-------+-------++-------
Melee: Long sword        |   102 |   137 |   127 |       ||   366
       Scimitar          |       |       |   103 |     5 ||   108
 Abil: Spit Poison       |    27 |    12 |    26 |     2 ||    67
Evoke: Wand              |       |     1 |     6 |    18 ||    25
  Use: Scroll            |     4 |     3 |     9 |       ||    16
       Potion            |       |     1 |     2 |     2 ||     5
Armor: Scale mail        |    64 |   101 |    29 |       ||   194
       Ring mail         |       |       |   178 |     2 ||   180
Dodge: Dodged            |    33 |    42 |   100 |     3 ||   178
Block: Kite shield       |    55 |    79 |   171 |    11 ||   316
       Rpst.: Long sword |    12 |    16 |    12 |       ||    40
       Scimitar          |       |       |    11 |       ||    11

Table legend: (Time is in decaauts)
 A = Elapsed time spent in this place.
 B = Non-inter-level travel time spent in this place.
 C = Inter-level travel time spent in this place.
 D = Time resting spent in this place.
 E = Time spent auto-exploring this place.
 F = Levels seen in this place.
 G = Mean time per level.
                   A        B        C        D        E       F      G
               +--------+--------+--------+--------+--------+-----+--------+
         Total |  10475 |  10197 |    278 |   2008 |   5648 |  11 |  952.3 |
       Dungeon |   9189 |   8960 |    229 |   1532 |   5321 |   8 | 1148.6 |
        Temple |    395 |    347 |     48 |      0 |    326 |   1 |  395.0 |
         Sewer |    220 |    220 |      0 |      0 |      0 |   1 |  220.0 |
        Bailey |    671 |    671 |      0 |    476 |      0 |   1 |  671.0 |
               +--------+--------+--------+--------+--------+-----+--------+

Top non-repeatable levels by time:
     D:3: 1934 daAuts
     D:7: 1905 daAuts
     D:4: 1279 daAuts
     D:1: 1154 daAuts
     D:6: 1133 daAuts
     D:5: 983 daAuts
     D:2: 747 daAuts
  Bailey: 671 daAuts
  Temple: 395 daAuts
   Sewer: 220 daAuts
     D:8: 51 daAuts
